 Dungeon Crawl Stone Soup version 0.32-a0-39-g5c88369fb2 (webtiles) character file.

Game seed: 4179313583286957794

101 Ge0ff the Magician (level 4, -12/35 HPs)
             Began as a Mummy Cinder Acolyte on Jan 30, 2024.
             Was an Elder of Ignis.
             Mangled by Terence
             ... wielding a +1 hand axe of electrocution
              (20 damage)
             ... on level 3 of the Dungeon.
             The game lasted 00:04:17 (2704 turns).

Ge0ff the Magician (Mummy Cinder Acolyte)           Turns: 2704, Time: 00:04:18

Health: -12/35     AC: 10    Str: 17    XL:     4   Next: 48%
Magic:  1/8        EV: 11    Int: 15    God:    Ignis [****..]
Gold:   69         SH:  0    Dex:  7    Spells: 7/9 levels left

rFire   + + .        a - -1 spear (flame)
rCold   x . .        (no shield)
rNeg    + + +        b - +0 robe
rPois   ∞            l - +0 helmet
rElec   .            (no cloak)
rCorr   .            (no gloves)
SInv    .            (no boots)
Will    .....        (no amulet)
Stlth   ++           d - ring of fire
HPRegen 0.25/turn    g - ring of fire
MPRegen 0.11/turn

%: faith
@: fiery-armoured, very slightly contaminated
A: cold resistance 1, negative energy resistance 3, torment resistance 2, heat
vulnerability 1, in touch with death 1, no potions, faith
a: Renounce Religion, Fiery Armour, Foxfire Swarm, Rising Flame


You were on level 3 of the Dungeon.
You worshipped Ignis.
Ignis was greatly pleased with you.
You visited 1 branch of the dungeon, and saw 3 of its levels.

You collected 69 gold pieces.

Inventory:

Hand Weapons
 a - a -1 spear of flaming (weapon)
Missiles
 c - 25 stones
Armour
 b - a +0 robe (worn)
 l - a +0 helmet (worn)
Jewellery
 d - a ring of fire (left hand)
 g - a ring of fire (right hand)
 i - a ring of protection from fire
Wands
 f - a wand of flame (6)
Scrolls
 e - a scroll of blinking {unknown}
 h - a scroll of poison {unknown}
 j - a scroll of amnesia {unknown}
 k - a scroll of enchant armour {unknown}
 m - a scroll of enchant weapon {unknown}
 n - a scroll of identify {unknown}


   Skills:
 - Level 3.0 Fighting
 - Level 2.4 Polearms
 - Level 2.0 Stealth
 + Level 3.3 Spellcasting
 + Level 3.2 Fire Magic


You had 7 spell levels left.
You knew the following spells:

 Your Spells              Type           Power      Damage    Failure   Level
C - Scorch                Fire           54%        2d7       8%          2

Your spell library contained the following spells:

 Spells                   Type           Power      Damage    Failure   Level
 Summon Small Mammal      Summ           8%         N/A       21%         1
 Blink                    Tloc           4%         N/A       30%         2
 Lesser Beckoning         Tloc           4%         N/A       30%         2
 Momentum Strike          Conj/Tloc      4%         3d8       30%         2
 Call Canine Familiar     Summ           2%         N/A       52%         3
 Summon Blazeheart Golem  Fire/Summ      16%        N/A       69%         4
 Haunt                    Necr/Summ      1%         N/A       100%        7
 Borgnjor's Revivificati  Necr           Unusable   N/A       N/A         8
 Death's Door             Necr           Unusable   N/A       N/A         9

Dungeon Overview and Level Annotations

Branches:
Dungeon (3/15) Zot: 15298

Altars:
Makhleb
Uskayaw

Shops:
D:2 (

Annotations:
D:3 Terence


Innate Abilities, Weirdness & Mutations

You are immune to poison.
Your flesh is cold resistant. (rC+)
You are immune to negative energy. (rN+++)
You are immune to unholy pain and torment.
You are vulnerable to heat. (rF-)
You are in touch with the powers of death.
You do not drink.
You have a special connection with the divine. (Faith)


Message History

The foxfire hits the rat.
You kill the rat!
You hit Terence. You burn Terence.
Terence is moderately wounded.
The foxfire hits Terence but does no damage.
Terence is moderately wounded.
The foxfire hits Terence but does no damage.
Terence is moderately wounded.
The foxfire hits Terence but does no damage.
Terence is moderately wounded.
The foxfire hits Terence but does no damage.
Terence is moderately wounded.
The foxfire hits Terence.
Terence is heavily wounded.
The foxfire hits Terence.
Terence is heavily wounded.
The foxfire hits Terence.
Terence is severely wounded.
The foxfire hits Terence but does no damage.
Terence is severely wounded.
The foxfire hits Terence.
Terence is severely wounded.
The foxfire hits Terence but does no damage.
Terence is severely wounded.
The foxfire hits Terence but does no damage.
Terence is severely wounded.
The foxfire hits Terence.
Terence is almost dead.
Terence hits you with a +1 hand axe of electrocution.
You are electrocuted!!
Ouch! That really hurt!
* * * LOW HITPOINT WARNING * * *
Terence hits your foxfire with a +1 hand axe of electrocution.
Lightning courses through your foxfire!
Terence hits your foxfire with a +1 hand axe of electrocution.
The foxfire hits Terence.
Terence is almost dead.
The foxfire hits Terence but does no damage.
Terence is almost dead.
Terence attacks as he pursues you! Terence barely misses you.
Use which ability? (? or * to list) Activating: Foxfire Swarm
Press: ? - help, Dir - look around, f - activate Flames leap up around you!
Terence hits you with a +1 hand axe of electrocution.
* * * LOW HITPOINT WARNING * * *
You are electrocuted!!
Ouch! That really hurt!
You die...
Terence says, "Rest in peace."

.#......#
##......#######
#............#
####+#.##.##.#
#.##.##.####
#..........#
........##.vvv#####
........##.v@vvv..#
...........vv@vv.?#
........##.##v##..#
........##.##v# .#
............... #
....r####....##
...# .... ....#


You could see Terence (ally target).

Vanquished Creatures
  4 adders (D:2)
  2 dart slugs
  A ribbon worm (D:3)
  3 orcs (D:3)
  5 bats
  4 endoplasms
  3 giant cockroaches (D:1)
  3 goblins
  3 hobgoblins (D:1)
  3 jackals (D:1)
  9 kobolds
  3 quokkas
  6 ball pythons
  4 rats
53 creatures vanquished.

Vanquished Creatures (others)
  16 foxfires (D:3)
16 creatures vanquished.

Grand Total: 69 creatures vanquished

Notes
Turn   | Place    | Note
-------+----------+-------------------------------------------
     0 | D:1      | Ge0ff the Mummy Cinder Acolyte began the quest for the Orb.
     0 | D:1      | Reached XP level 1. HP: 18/18 MP: 2/2
    80 | D:1      | Reached XP level 2. HP: 17/24 MP: 4/4
    87 | D:1      | Learned a level 2 spell: Scorch
   229 | D:1      | Reached skill level 1 in Stealth
  1025 | D:2      | Reached XP level 3. HP: 26/29 MP: 1/6
  1206 | D:2      | Found Ekael's Weapon Shoppe.
  1436 | D:2      | Reached XP level 4. HP: 35/35 MP: 3/8
  1941 | D:3      | Noticed a +0 hand axe
  1942 | D:3      | Noticed a +0 dagger
  1944 | D:3      | Found a hide-covered altar of Uskayaw.
  2079 | D:3      | Found a burning altar of Makhleb.
  2689 | D:3      | Noticed Terence
  2704 | D:3      | Mangled by Terence

Illustrated notes

Levels and vault maps discovered:
D:1:      dpeg_arrival_fog, layout_basic
D:2:      layout_loops_ring, serial_shops, shop_statue
D:3:      layout_basic, dancing_weapons_uskayaw, lemuel_doored_altar,
          hangedman_abyss_or_decor_lesser_grid, chequers_arboretum, uniq_terence

Skill      XL: |  1  2  3  4 |
---------------+-------------+-----
Spellcasting   | 2 3 |  3.3
Stealth        | 1 2 |  2.0
Fire Magic     | 3 |  3.2
Fighting       | |  3.0
Polearms       | |  2.4

Action                     |  1- 3 |  4- 6 || total
---------------------------+-------+-------++-------
  Melee: Spear             |    35 |    11 ||    46
         Punch             |     1 |       ||     1
   Cast: Scorch            |    25 |    28 ||    53
 Invoke: Foxfire Swarm     |       |     2 ||     2
         Fiery Armour      |       |     1 ||     1
 Armour: Robe              |    21 |    15 ||    36
  Dodge: Dodged            |    15 |    13 ||    28

Table legend: (Time is in decaauts)
 A = Elapsed time spent in this place.
 B = Non-inter-level travel time spent in this place.
 C = Inter-level travel time spent in this place.
 D = Time resting spent in this place.
 E = Time spent auto-exploring this place.
 F = Levels seen in this place.
 G = Mean time per level.
                   A        B        C        D        E       F      G
               +--------+--------+--------+--------+--------+-----+--------+
         Total |   2700 |   2650 |     50 |     12 |   2292 |   3 |  900.0 |
       Dungeon |   2700 |   2650 |     50 |     12 |   2292 |   3 |  900.0 |
               +--------+--------+--------+--------+--------+-----+--------+

Top non-repeatable levels by time:
     D:1: 1040 daAuts
     D:2: 862 daAuts
     D:3: 798 daAuts
